 Dungeon Crawl Stone Soup version 0.21-a0-404-g291f19a (webtiles) character file.

3484 Gorice the Cruncher (level 9, -2/65 HPs)
             Began as a Demonspawn Wanderer on Oct 28, 2017.
             Was a Follower of Yredelemnul.
             Slain by a komodo dragon (20 damage)
             ... on level 1 of the Lair of Beasts.
             The game lasted 00:44:06 (9628 turns).

Gorice the Cruncher (Demonspawn Wanderer)           Turns: 9628, Time: 00:44:07

Health: -2/65      AC: 26    Str: 16    XL:     9   Next: 79%
Magic:  13/13      EV:  5    Int: 15    God:    Yredelemnul [*.....]
Gold:   463        SH:  0    Dex: 11    Spells: 8/8 levels left

rFire    . . .     SeeInvis .   a - +2 quarterstaff
rCold    + . .     Gourm    .   (shield currently unavailable)
rNeg     . . .     Faith    .   u - +0 plate armour
rPois    .         Spirit   .   (no helmet)
rElec    .         Reflect  .   o - +0 cloak
rCorr    .         Harm     .   q - +1 pair of gloves
MR       .....                  r - +2 pair of boots
Stlth    ..........             (no amulet)
HPRegen  0.20/turn              h - ring of protection from cold
MPRegen  0.13/turn              (no ring)

@: sanguine armour
A: talons 2, sanguine armour 1
a: Animate Remains, Renounce Religion


You were on level 1 of the Lair of Beasts.
You worshipped Yredelemnul.
Yredelemnul was aware of your devotion.
You were not hungry.

You visited 3 branches of the dungeon, and saw 10 of its levels.

You collected 478 gold pieces.
You spent 15 gold pieces at shops.

Inventory:

Hand Weapons
 a - a +2 quarterstaff (weapon)
 f - the +0 dagger of Raamn {speed, rN+ MR+ Str-2, unknown}
   (You found it on level 1 of the Lair of Beasts)

   Attacks with this weapon are significantly faster.
   It affects your strength (-2).
   It protects you from negative energy.
   It affects your resistance to hostile enchantments.
 B - a +0 blowgun
Missiles
 i - 20 bolts
 m - 13 tomahawks (quivered)
 t - 5 curare-tipped needles
 z - 51 poisoned needles
 X - 4 tomahawks of dispersal
 Z - 371 stones
Armour
 o - a +0 cloak (worn)
 q - a +1 pair of gloves (worn)
 r - a +2 pair of boots (worn)
 u - a +0 plate armour (worn)
Jewellery
 h - a ring of protection from cold (left hand)
Wands
 y - a wand of disintegration (12/24)
 I - a wand of flame (25/48)
Scrolls
 b - a scroll of identify
 g - a scroll of fog
 k - 7 scrolls of remove curse
 x - 4 scrolls of magic mapping {!r}
Potions
 c - 4 potions of curing
 e - a potion of magic {!q}
 A - a potion of agility {!q}
 E - a potion of resistance {!q}
 F - a potion of berserk rage
 J - a potion of ambrosia
Comestibles
 d - 4 bread rations {!e}
 l - 33 fruits


   Skills:
 - Level 4.0 Fighting
 * Level 10.0 Staves
   Level 1.0 Crossbows
 - Level 1.0 Throwing
 + Level 6.8 Armour
 - Level 1.0 Stealth
   Level 1.0 Shields
 + Level 6.1 Invocations


You had 8 spell levels left.
You didn't know any spells.

Dungeon Overview and Level Annotations

Branches:
Dungeon (8/15)             Temple (1/1) D:4            Lair (1/6) D:8

Altars:
Ashenzari
Cheibriados
Dithmenos
Elyvilon
Fedhas
Gozag
Hepliaklqana
Kikubaaqudgha
Makhleb
Nemelex Xobeh
Okawaru
Qazlal
Ru
Sif Muna
Trog
Uskayaw
Vehumet
Wu Jian
Xom
Yredelemnul
Zin
The Shining One

Shops:
D:4 (   D:6 *   D:8 !

Annotations:
D:7 Jorbantar's ghost, novice OgAM


Innate Abilities, Weirdness & Mutations

You have razor-sharp toenails.
When seriously injured, your bleeding wounds create armour. (AC +6)


Message History

The tomahawk barely misses the komodo dragon.
Okay, then.
You hit the komodo dragon but do no damage.
The komodo dragon bites you but does no damage.
Your plate armour prevents you from hitting the komodo dragon.
You barely miss the komodo dragon.
The komodo dragon bites you but does no damage.
Your plate armour prevents you from hitting the komodo dragon.
The komodo dragon bites you but does no damage.
You hit the komodo dragon.
The komodo dragon is lightly wounded.
The komodo dragon bites you but does no damage.
You hit the komodo dragon but do no damage.
The komodo dragon is lightly wounded.
The komodo dragon bites you!!
Damage: 20 (max 20)
You sock the komodo dragon!
The komodo dragon is moderately wounded.
You barely miss the komodo dragon.
The komodo dragon is moderately wounded.
The komodo dragon barely misses you.
You sock the komodo dragon!
The komodo dragon is heavily wounded.
The komodo dragon bites you.
Your blood congeals into armour.
A komodo dragon comes into view.
Damage: 6 (max 20)
The komodo dragon hisses angrily.
You sock the komodo dragon!
The komodo dragon is severely wounded.
The komodo dragon bites you but does no damage.
You hit the komodo dragon.
The komodo dragon is severely wounded.
The komodo dragon bites you!
* * * LOW HITPOINT WARNING * * *
Damage: 16 (max 20)
Your plate armour prevents you from hitting the komodo dragon.
The komodo dragon is severely wounded.
You hit the komodo dragon.
The komodo dragon is severely wounded.
The komodo dragon bites you but does no damage.
You hit the komodo dragon but do no damage.
The komodo dragon is severely wounded.
The komodo dragon bites you!
* * * LOW HITPOINT WARNING * * *
Damage: 6 (max 20)
You closely miss the komodo dragon.
The komodo dragon is severely wounded.
The komodo dragon bites you!!
You die...
Your body rises from the dead as a mindless zombie. ....... .....(. ....... ......
P.(.# l.P

##S# ##l#
##@## ####..#
####....##
###......##
.#.......## #
#..........#
##
##..........#
.#
#..........##
.#
#..........#


You could see 2 komodo dragons and a water moccasin.

Vanquished Creatures
  A black mamba (Lair:1)
  Prince Ribbit (D:8)
  A hungry ghost (D:6)
  2 wargs (D:8)
  2 water moccasins
  An orc warrior (D:7)
  A sky beast (D:6)
  An ogre (D:5)
  A centaur (D:6)
  A crocodile (Lair:1)
  4 bullfrogs
  2 big kobolds
  11 killer bees
  A water moccasin skeleton (D:7)
  A jelly (D:7)
  A howler monkey (D:6)
  A bullfrog zombie (D:8)
  A hound (D:7)
  6 orc wizards
  2 orc priests
  Natasha (twice) (D:4)
  2 iguanas
  7 worker ants
  A hound zombie (D:4)
  A hound skeleton (D:4)
  8 adders
  2 shadow imps
  An ooze (D:1)
  2 adder skeletons
  A worm (D:2)
  3 dart slugs
  2 leopard geckos
  28 orcs
  7 giant cockroaches
  8 goblins
  7 hobgoblins
  13 jackals
  7 quokkas
  A ball python (D:2)
  5 bats
  4 frilled lizards
  A jackal skeleton (D:7)
  13 kobolds
  2 leopard gecko skeletons
  6 rats
176 creatures vanquished.

Vanquished Creatures (collateral kills)
  A warg (D:8)
  A crocodile (Lair:1)
  A scorpion (D:7)
  A crimson imp (D:8)
  An orc wizard (D:8)
  An orc priest (D:8)
  A worker ant (D:7)
  An adder (D:7)
  An adder zombie (D:7)
  5 orcs
  2 jackals (D:7)
16 creatures vanquished.

Vanquished Creatures (others)
  A water moccasin zombie (D:7)
  2 warg zombies (D:8)
  A bullfrog zombie (D:7)
  5 killer bee zombies
  A crocodile zombie (Lair:1)
  A sky beast zombie (D:6)
  A big kobold zombie (D:7)
  A worker ant zombie (D:7)
  A jackal skeleton (D:7)
  2 kobold zombies (D:7)
  6 orc zombies
22 creatures vanquished.

Grand Total: 214 creatures vanquished

Notes
Turn   | Place    | Note
-------+----------+-------------------------------------------
     0 | D:1      | Gorice the Demonspawn Wanderer began the quest for the Orb.
     0 | D:1      | Gorice set off with: a +2 quarterstaff, a +0 ring mail, a potion of curing, a bread ration {!e}
     0 | D:1      | Reached XP level 1. HP: 19/19 MP: 1/1
    78 | D:1      | Reached skill level 2 in Staves
   263 | D:1      | Gained mutation: When seriously injured, your bleeding wounds create armour. (AC +6) [demonic ancestry]
   263 | D:1      | Reached XP level 2. HP: 18/25 MP: 2/2
   426 | D:1      | Reached skill level 1 in Armour
   861 | D:1      | Reached XP level 3. HP: 30/30 MP: 3/3
  1135 | D:2      | Reached skill level 3 in Staves
  1598 | D:2      | Gained mutation: You have sharp toenails. [demonic ancestry]
  1598 | D:2      | Reached XP level 4. HP: 37/37 MP: 4/4
  2153 | D:3      | Reached skill level 2 in Armour
  2771 | D:4      | Reached skill level 4 in Staves
  2786 | D:4      | Gained mutation: You have razor-sharp toenails. [demonic ancestry]
  2786 | D:4      | Reached XP level 5. HP: 42/42 MP: 5/5
  3003 | D:4      | Found a staircase to the Ecumenical Temple.
  3009 | Temple   | Entered the Ecumenical Temple
  3062 | Temple   | Became a worshipper of Yredelemnul the Dark
  3364 | D:4      | Found Keteun's Weapon Boutique.
  3489 | D:4      | Noticed Natasha
  3509 | D:4      | Killed Natasha
  3509 | D:4      | Reached XP level 6. HP: 30/48 MP: 6/6
  3655 | D:4      | Reached skill level 5 in Staves
  3703 | D:4      | Reached skill level 3 in Armour
  3978 | D:4      | Noticed Natasha
  3987 | D:4      | Killed Natasha
  4068 | D:5      | Entered Level 5 of the Dungeon
  4643 | D:5      | Noticed a water moccasin
  4651 | D:5      | Killed a water moccasin
  4651 | D:5      | Reached * piety under Yredelemnul
  4651 | D:5      | Reached skill level 6 in Staves
  4651 | D:5      | Reached XP level 7. HP: 54/54 MP: 7/7
  4841 | D:5      | Reached skill level 4 in Armour
  5245 | D:6      | Found Lyafoc's General Store.
  5334 | D:6      | Reached skill level 7 in Staves
  5388 | D:6      | Reached XP level 8. HP: 46/60 MP: 8/8
  5742 | D:6      | Found a glowing golden altar of the Shining One.
  6086 | D:7      | Noticed Jorbantar's ghost (novice OgAM)
  6315 | D:7      | Reached skill level 5 in Armour
  6467 | D:7      | Reached skill level 1 in Invocations
  6521 | D:7      | Reached skill level 8 in Staves
  6526 | D:7      | Reached ** piety under Yredelemnul
  6559 | D:7      | Found a hazy altar of Hepliaklqana.
  6634 | D:7      | Reached skill level 2 in Invocations
  6979 | D:7      | Reached skill level 3 in Invocations
  7017 | D:7      | Reached XP level 9. HP: 24/65 MP: 11/11
  7884 | D:8      | Found Veaq's Distillery.
  7889 | D:8      | Bought a potion of degeneration for 15 gold pieces
  7933 | D:8      | Noticed Prince Ribbit
  7948 | D:8      | Killed Prince Ribbit
  7948 | D:8      | Reached skill level 9 in Staves
  7948 | D:8      | Reached skill level 6 in Armour
  7948 | D:8      | Reached skill level 4 in Invocations
  8126 | D:8      | Found a staircase to the Lair.
  8185 | D:8      | Reached skill level 5 in Invocations
  8202 | D:8      | HP: 19/65 [poisoned by a killer bee]
  8207 | D:8      | HP: 15/65 [poisoned by a killer bee]
  8214 | D:8      | HP: 15/65 [poisoned by a killer bee]
  8245 | D:8      | Found an iron altar of Okawaru.
  9031 | Lair:1   | Entered Level 1 of the Lair of Beasts
  9138 | Lair:1   | Got a bloodstained dagger
  9179 | Lair:1   | Noticed a black mamba
  9197 | Lair:1   | HP: 19/65 [black mamba (5)]
  9202 | Lair:1   | HP: 6/65 [black mamba (11)]
  9204 | Lair:1   | HP: 2/65 [poisoned by a black mamba]
  9207 | Lair:1   | Killed a black mamba
  9207 | Lair:1   | Reached skill level 10 in Staves
  9207 | Lair:1   | Reached skill level 6 in Invocations
  9208 | Lair:1   | Noticed a komodo dragon
  9214 | Lair:1   | HP: 19/65 [poisoned by a black mamba]
  9219 | Lair:1   | HP: 17/65 [poisoned by a black mamba]
  9224 | D:8      | HP: 15/65 [poisoned by a black mamba]
  9230 | D:8      | HP: 14/65 [poisoned by a black mamba]
  9238 | D:8      | HP: 14/65 [poisoned by a black mamba]
  9609 | Lair:1   | Noticed a komodo dragon
  9623 | Lair:1   | Noticed a komodo dragon
  9627 | Lair:1   | HP: 18/65 [komodo dragon (7)]
  9628 | Lair:1   | Slain by a komodo dragon

Vault maps used:
D:1:      dpeg_arrival_simpleton_c
D:2:      minmay_pentomino_s2
D:4:      minmay_temple_entry_hall, serial_shops, shop, uniq_natasha
D:5:      first_bread
D:6:      serial_shops, shop_fountains, nicolae_tso_swordbearing_angel
D:7:      kennysheep_mini
D:8:      erik_lair_orcish_takeover, serial_shops, nicolae_shop_statue_plus,
          blue_anna_alchemist, okawaru_metal_pillars_1_2, uniq_prince_ribbit1
Temple:   nicolae_temple_the_god_donut

Skill      XL: |  1  2  3  4  5  6  7  8  9 |
---------------+----------------------------+-----
Staves         | 2 3 4 6 7 8 10 | 10.0
Armour         | 1 2 3 4 5 6 |  6.8
Invocations    | 3 6 |  6.1
Fighting       | |  4.0
Crossbows      | |  1.0
Throwing       | |  1.0
Stealth        | |  1.0
Shields        | |  1.0

Action                   |  1- 3 |  4- 6 |  7- 9 || total
-------------------------+-------+-------+-------++-------
Melee: Quarterstaff      |   100 |   218 |   432 ||   750
       Kick              |       |    46 |       ||    46
 Fire: Blowgun           |       |     9 |     9 ||    18
Throw: Stone             |     9 |       |       ||     9
       Tomahawk          |       |    24 |    35 ||    59
Invok: Animate Remains   |       |       |    24 ||    24
       Injury Mirror     |       |       |     3 ||     3
       Recall Undead Sla |       |       |     1 ||     1
Evoke: Wand              |       |       |     1 ||     1
  Use: Scroll            |       |    10 |    10 ||    20
       Potion            |       |     1 |     4 ||     5
 Stab: Distracted        |       |       |     3 ||     3
  Eat: Chunk             |     2 |    10 |    16 ||    28
       Royal jelly       |       |       |     3 ||     3
       Fruit             |       |       |     5 ||     5
Armor: Ring mail         |    22 |    58 |       ||    80
       Scale mail        |       |    37 |    40 ||    77
       Chain mail        |       |       |    78 ||    78
       Plate armour      |       |       |   184 ||   184
       Skin              |       |       |    15 ||    15
Dodge: Dodged            |    67 |    80 |   130 ||   277
       Deflected         |     3 |       |       ||     3

Table legend:
 A = Spawn XP
 B = Non-spawn XP
 C = Spawn XP percentage of total XP
 D = Spawn monster count
 E = Non-spawn monster count
 F = Spawn count percentage of total count
 G = Total turns spent on level
                    A         B        C        D         E        F      G
               +---------+---------+-------+---------+---------+-------+---------
         Total |       0 |    4978 |   0.0 |       0 |     192 |   0.0 |  9628
               +---------+---------+-------+---------+---------+-------+---------
           D:1 |       0 |      43 |   0.0 |       0 |      21 |   0.0 |  1028
           D:2 |       0 |      71 |   0.0 |       0 |      30 |   0.0 |  1036
           D:3 |       0 |      44 |   0.0 |       0 |      17 |   0.0 |   749
           D:4 |       0 |     348 |   0.0 |       0 |      26 |   0.0 |  1067
           D:5 |       0 |     509 |   0.0 |       0 |      17 |   0.0 |  1011
           D:6 |       0 |     646 |   0.0 |       0 |      18 |   0.0 |  1489
           D:7 |       0 |    1298 |   0.0 |       0 |      40 |   0.0 |  1242
           D:8 |       0 |    1312 |   0.0 |       0 |      19 |   0.0 |  1426
        Lair:1 |       0 |     707 |   0.0 |       0 |       4 |   0.0 |   319
               +---------+---------+-------+---------+---------+-------+---------

Table legend:
 A = Turns spent in this place as a percentage of turns spent in the entire game.
 B = Non-inter-level travel turns spent in this place as a percentage of non-inter-level travel turns spent in the entire game.
 C = Inter-level travel turns spent in this place as a percentage of turns spent in this place.
 D = Turns resting spent in this place as a percentage of non-inter-level travel turns spent in this place.
 E = Turns spent auto-exploring this place as a percentage of non-inter-level travel turns spent in this place.
 F = Non-inter-level travel turns spent in this place divided by the number of levels of this place that you've seen.
                   A       B       C       D       E      F
               +-------+-------+-------+-------+-------+----------------------
         Total | 100.0 | 100.0 |   6.6 |  22.4 |  42.9 | 898.8
       Dungeon |  94.0 |  93.7 |   6.9 |  23.8 |  42.1 | 1053.2
        Temple |   2.7 |   2.7 |   6.9 |   0.0 |  77.0 | 243.0
          Lair |   3.3 |   3.5 |   0.0 |   1.3 |  37.6 | 319.0
               +-------+-------+-------+-------+-------+----------------------

Vault maps used:
D:1:      dpeg_arrival_simpleton_c
D:2:      minmay_pentomino_s2
D:4:      minmay_temple_entry_hall, serial_shops, shop, uniq_natasha
D:5:      first_bread
D:6:      serial_shops, shop_fountains, nicolae_tso_swordbearing_angel
D:7:      kennysheep_mini
D:8:      erik_lair_orcish_takeover, serial_shops, nicolae_shop_statue_plus,
          blue_anna_alchemist, okawaru_metal_pillars_1_2, uniq_prince_ribbit1
Temple:   nicolae_temple_the_god_donut
